Description

This works best against zerg because zerg has no anti-air, but you can also beat terran fairly easily. It can work in high diamond if you are good mechanically (and lucky), but it takes 5k+ mmr mechanics and macro to work consistently.

Build Order

Get SALT Encoding   

  14  00:18  Pylon  
  16  00:38  Gateway  
  16  00:44  Assimilator  
  19  01:19  Pylon  
  19  01:24  Assimilator  
  20  01:35  Cybernetics Core  
  22  01:56  Nexus  
  24  02:05  Protoss Air Weapons Level 1  
  24  02:20  Stargate  
  24  02:38  Pylon  
  27  03:04  Fleet Beacon  
  31  03:33  Assimilator  
  31  03:37  Assimilator  
  33  03:39  Sentry  
  42  04:06  Carrier  
  43  04:30  Protoss Air Weapons Level 2  
  43  04:53  Stargate  
  43  05:23  Carrier  
Spawning Tool Build Advisor. Get it on Overwolf

Go to:

Details

  • Created by: DeadlyFeet12
  • Published on: Jun 05, 2022
  • Modified on: Jun 05, 2022
  • Patch: 4.11.0
  • Difficulty: Hard
Show
View Real Time Build Order
Export as new Build Order

Comments (0)

There are no comments. Be the first!

Create an account to comment!